 Dungeon Crawl Stone Soup version 0.29-a0-334-gb41bcbb86e (webtiles) character file.

Game seed: 13193333421533630672

100 spaghetti the Chiller (level 4, -2/27 HPs)
             Began as an Octopode Ice Elementalist on Apr 14, 2022.
             Was an Initiate of Ru.
             Slain by a gnoll
             ... wielding a +0 whip
              (4 damage)
             ... on level 2 of the Dungeon.
             The game lasted 00:04:17 (2405 turns).

spaghetti the Chiller (Octopode Ice Elementalist)   Turns: 2405, Time: 00:04:17

Health: -2/27      AC:  1    Str:  7    XL:     4   Next: 74%
Magic:  2/9        EV: 13    Int: 17    God:    Ru [......]
Gold:   121        SH:  0    Dex: 16    Spells: 3/10 levels left

rFire   + . .      SeeInvis .   (no weapon)
rCold   + . .      Faith    .   (no shield)
rNeg    . . .      Spirit   .   (helmet restricted)
rPois   +          Reflect  .   (no amulet)
rElec   .          Harm     .   i - ring of protection from cold
rCorr   .          Rampage  .   (no ring)
Will    .....                   (no ring)
Stlth   +++.......              (no ring)
HPRegen 0.09/turn               (no ring)
MPRegen 0.11/turn               (no ring)
                                (no ring)
                                (no ring)

@: mighty, flying
A: almost no armour, amphibious, 8 rings, camouflage 1, gelatinous body 1,
(nimble swimmer 1), tentacles, agile 1, fire resistance 1, poison resistance
a: Renounce Religion, Sacrifice Words, Sacrifice an Eye, Sacrifice Nimbleness,
Reject Sacrifices


You were on level 2 of the Dungeon.
You worshipped Ru.
Ru was noncommittal.
You visited 1 branch of the dungeon, and saw 2 of its levels.

You collected 121 gold pieces.


Innate Abilities, Weirdness & Mutations

You cannot wear most types of armour.
You are amphibious.
You can wear up to eight rings at the same time.
Your skin changes colour to match your surroundings (Stealth+).
Your rubbery body absorbs attacks. (AC +1, EV +1)
((You are camouflaged when in or above water. (Stealth+)))
You have tentacles for arms and can constrict up to eight enemies at once.
You are agile. (Dex +2)
Your flesh is heat resistant. (rF+)
Your system is resistant to poisons. (rPois)


   Skills:
 + Level 2.5 Dodging
 - Level 2.6 Stealth
 + Level 3.5 Spellcasting
 * Level 4.6 Ice Magic


You had 3 spell levels left.
You knew the following spells:

 Your Spells              Type           Power      Damage    Failure   Level
a - Freeze                Ice            72%        1d9       2%          1
b - Frozen Ramparts       Ice            36%        1d5       8%          3
c - Ozocubu's Armour      Ice            18%        N/A       8%          3

Your spell library contained the following spells:

 Spells                   Type           Power      Damage    Failure   Level
 Hailstorm                Conj/Ice       10%        3d5       54%         4

Inventory:

Hand Weapons
 b - a +0 hand axe {axe}
   (You found it on level 1 of the Dungeon)
 c - a +0 short sword {short}
   (You took it off a kobold on level 1 of the Dungeon)
 e - a +0 hunting sling {sling}
   (You found it on level 1 of the Dungeon)
 g - a +0 club {mace}
   (You took it off a kobold on level 1 of the Dungeon)
 j - a +0 club {mace}
   (You took it off a kobold on level 1 of the Dungeon)
 k - a +0 spear {polearm}
   (You found it on level 1 of the Dungeon)
 m - a +0 club {mace}
   (You found it on level 1 of the Dungeon)
 p - a +0 dagger {short}
   (You took it off a goblin on level 1 of the Dungeon)
 q - a +0 club {mace}
   (You took it off a kobold on level 1 of the Dungeon)
 r - a +0 club {mace}
   (You took it off a kobold on level 1 of the Dungeon)
 s - a +0 dagger {short}
   (You took it off a kobold on level 1 of the Dungeon)
 u - a +0 dagger {short}
   (You took it off a goblin on level 2 of the Dungeon)
 y - a +0 short sword {short}
   (You took it off a kobold on level 2 of the Dungeon)
Missiles
 d - 16 stones (quivered) {throwing}
 v - 3 boomerangs {throwing}
 w - 3 poisoned darts {throwing}
Jewellery
 i - a ring of protection from cold (left tentacle)
   (You found it on level 1 of the Dungeon)
Scrolls
 f - 3 scrolls of identify {unknown}
 l - a scroll of amnesia {unknown}
 n - a scroll of blinking {unknown}
 o - a scroll of fog {unknown}
 t - a scroll of brand weapon {unknown}
Potions
 a - a potion of magic
 h - a potion of might
 z - a potion of flight

Dungeon Overview and Level Annotations

Branches:
Dungeon (2/15)

Altars:
Ru

Shops:
D:1

* ####.####.
####.........
##.......####.
######.........###.
#..................
#.####.........####
### #. ##.##...###
.....#g#####.##...#
#..g@.....###.##
#.######### #.# #.#


You could see 2 gnolls.


Message History

A gnoll comes into view. It is wielding a +0 whip.
The gnoll moves out of view.
The gnoll shouts!
The gnoll hits you with a +0 whip. 😕 HP[-3]
You take 3 damage, and now have 24/27 hp.
Casting: Freeze (safe; 2% risk of failure)
Confirm with . or Enter, or press ? or * to list all spells.
Aiming: Freeze (safe; 2% risk of failure)
Press: ? - help, Shift-Dir - straight line, f - gnoll
Aim: a gnoll, wielding a +0 whip You freeze the gnoll.
The gnoll closely misses you. 😕 MP[-1]
You lost 1 mp, and now have 8/9 mp.
Casting: Freeze (safe; 2% risk of failure)
Confirm with . or Enter, or press ? or * to list all spells.
Aiming: Freeze (safe; 2% risk of failure)
Press: ? - help, Shift-Dir - straight line, f/p - gnoll
Aim: a gnoll, wielding a +0 whip (heavily wounded)
You freeze the gnoll.
The gnoll hits you with a +0 whip. 😕 HP[-2] MP[-1]
You take 2 damage, and now have 22/27 hp.
You lost 1 mp, and now have 7/9 mp.
Casting: Freeze (safe; 2% risk of failure)
Confirm with . or Enter, or press ? or * to list all spells.
Aiming: Freeze (safe; 2% risk of failure)
Press: ? - help, Shift-Dir - straight line, f/p - gnoll
Aim: a gnoll, wielding a +0 whip (almost dead)
You freeze the gnoll.
You kill the gnoll! 😕 MP[-1]
You lost 1 mp, and now have 6/9 mp.
Casting: Freeze (safe; 2% risk of failure)
Confirm with . or Enter, or press ? or * to list all spells.
Aiming: Freeze (safe; 2% risk of failure)
Press: ? - help, Shift-Dir - straight line, f - gnoll
Aim: a gnoll, wielding a +0 flail You freeze the gnoll.
The gnoll barely misses you. 😕 MP[-1]
You lost 1 mp, and now have 5/9 mp.
Casting: Freeze (safe; 2% risk of failure)
Confirm with . or Enter, or press ? or * to list all spells.
Aiming: Freeze (safe; 2% risk of failure)
Press: ? - help, Shift-Dir - straight line, f/p - gnoll
Aim: a gnoll, wielding a +0 flail (lightly wounded)
You freeze the gnoll! The gnoll barely misses you.
The gnoll hits you with a +0 whip. 😕 HP[-1] MP[-1]
You take 1 damage, and now have 21/27 hp.
You lost 1 mp, and now have 4/9 mp.
Casting: Freeze (safe; 2% risk of failure)
Confirm with . or Enter, or press ? or * to list all spells.
Aiming: Freeze (safe; 2% risk of failure)
Press: ? - help, Shift-Dir - straight line, f/p - gnoll
Aim: a gnoll, wielding a +0 flail (severely wounded)
You freeze the gnoll. The gnoll hits you with a +0 flail!
* * * LOW HITPOINT WARNING * * *
The gnoll hits you with a +0 whip.
* * * LOW HITPOINT WARNING * * *
😨 HP[-11] MP[-1]
You take 11 damage, and now have 10/27 hp.
MASSIVE DAMAGE!! (PAUSE)
You lost 1 mp, and now have 3/9 mp.
Casting: Freeze (safe; 2% risk of failure)
Confirm with . or Enter, or press ? or * to list all spells.
Aiming: Freeze (safe; 2% risk of failure)
Press: ? - help, Shift-Dir - straight line, f/p - gnoll
Aim: a gnoll, wielding a +0 flail (almost dead)
You freeze the gnoll.
You kill the gnoll!
The gnoll hits you with a +0 whip.
* * * LOW HITPOINT WARNING * * *
A gnoll comes into view.
It is wielding a +0 club. 😱 HP[-4] MP[-1]
You take 4 damage, and now have 6/27 hp.
You lost 1 mp, and now have 2/9 mp.
Casting: Freeze (safe; 2% risk of failure)
Confirm with . or Enter, or press ? or * to list all spells.
Aiming: Freeze (safe; 2% risk of failure)
Press: ? - help, Shift-Dir - straight line, f - gnoll
Aim: a gnoll, wielding a +0 whip and quivering a throwing net You freeze the gnoll.
The gnoll shouts!
The gnoll hits you with a +0 whip.
* * * LOW HITPOINT WARNING * * *
😱 HP[-4]
You take 4 damage, and now have 2/27 hp.
You aren't carrying any items that you can evoke.
Unknown command.
Unknown command.
It was a potion of might.
You feel very mighty all of a sudden. The gnoll misses you.
It was a potion of mutation.
You feel extremely strange.
You feel resistant to poisons.
You feel resistant to heat.
You feel agile. The gnoll closely misses you. The gnoll barely misses you.
It was a potion of flight.
You feel very buoyant.
You fly up into the air.
The gnoll hits you with a +0 whip.
You die...

Skill      XL: |  1  2 |
---------------+-------+-----
Spellcasting   | 3 |  3.5
Dodging        | |  2.5
Stealth        | |  2.6
Ice Magic      | |  4.6

Action                   |  1- 3 |  4- 6 || total
-------------------------+-------+-------++-------
Melee: Unarmed           |    11 |     3 ||    14
       Constrict         |     6 |       ||     6
       Tentacles         |     3 |     1 ||     4
       Punch             |     1 |       ||     1
Throw: Stone             |    14 |       ||    14
 Cast: Freeze            |    65 |    19 ||    84
  Use: Potion            |       |     3 ||     3
Armor: Skin              |     3 |     2 ||     5
Dodge: Dodged            |    23 |    14 ||    37

Levels and vault maps discovered:
D:1:      ebering_trefoil_twist, layout_loops_ring, serial_shops,
          nicolae_shop_stone, hellmonk_ecumenical_altar_pennies_from_heaven,
          minmay_lizard_king
D:2:      minmay_razor_zed, layout_loops_ring

Notes
Turn   | Place    | Note
-------+----------+-------------------------------------------
     0 | D:1      | spaghetti the Octopode Ice Elementalist began the quest for
                  | the Orb.
     0 | D:1      | Reached XP level 1. HP: 11/11 MP: 3/3
     0 | D:1      | magus.rc [v1.9.6]
   286 | D:1      | Found Xaleack's General Store.
   290 | D:1      | Reached XP level 2. HP: 17/17 MP: 3/5
   724 | D:1      | Reached skill level 3 in Spellcasting
   954 | D:1      | Reached XP level 3. HP: 21/21 MP: 4/7
   958 | D:1      | Learned a level 3 spell: Frozen Ramparts
  1048 | D:1      | Learned a level 3 spell: Ozocubu's Armour
  1691 | D:1      | Found a faded altar of an unknown god.
  1709 | D:1      | Prayed at the altar of an unknown god.
  1709 | D:1      | Became a worshipper of Ru the Awakened
  2102 | D:2      | Reached XP level 4. HP: 21/27 MP: 3/9
  2401 | D:2      | HP: 6/27 [gnoll/+0 whip (4)]
  2402 | D:2      | HP: 2/27 [gnoll/+0 whip (4)]
  2404 | D:2      | Gained mutation: Your system is resistant to poisons.
                  | (rPois) [potion of mutation]
  2404 | D:2      | Gained mutation: Your flesh is heat resistant. (rF+)
                  | [potion of mutation]
  2404 | D:2      | Gained mutation: You are agile. (Dex +2) [potion of
                  | mutation]
  2405 | D:2      | Slain by a gnoll

Vanquished Creatures
  2 gnolls (D:2)
  2 adders (D:2)
  3 worms (D:2)
  A dart slug (D:1)
  2 bats (D:2)
  6 endoplasms
  2 giant cockroaches (D:1)
  2 goblins
  5 hobgoblins
  4 quokkas
  16 frilled lizards
  7 kobolds
  2 rats (D:1)
54 creatures vanquished.

Vanquished Creatures (others)
  8 plants (D:1)
8 creatures vanquished.

Grand Total: 62 creatures vanquished

Table legend:
 A = Non-vault XP
 B = Vault XP
 C = Vault XP percentage of total XP
 D = Non-vault monster count
 E = Vault monster count
 F = Vault count percentage of total count
                 A         B        C        D         E       F
            +---------+---------+-------+---------+---------+-------
      Total |     132 |      12 |   8.3 |      42 |      12 |  22.2
            +---------+---------+-------+---------+---------+-------
        D:1 |      46 |      12 |  20.7 |      25 |      12 |  32.4
        D:2 |      86 |       0 |   0.0 |      17 |       0 |   0.0
            +---------+---------+-------+---------+---------+-------

Illustrated notes

Table legend:
 A = Kills in this place as a percentage of kills in entire the game.
 B = Kills by you in this place as a percentage of kills by you in the entire game.
 C = Kills by friends in this place as a percentage of kills by friends in the entire game.
 D = Other kills in this place as a percentage of other kills in the entire game.
 E = Experience gained in this place as a percentage of experience gained in the entire game.
 F = Experience gained in this place divided by the number of levels of this place that you have seen.
                   A       B       C       D       E      F
               +-------+-------+-------+-------+-------+----------------------
         Total | 100.0 | 100.0 |   N/A |   N/A | 100.0 |  72.0
       Dungeon | 100.0 | 100.0 |   N/A |   N/A | 100.0 |  72.0
               +-------+-------+-------+-------+-------+----------------------

Table legend: (Time is in decaauts)
 A = Elapsed time spent in this place.
 B = Non-inter-level travel time spent in this place.
 C = Inter-level travel time spent in this place.
 D = Time resting spent in this place.
 E = Time spent auto-exploring this place.
 F = Levels seen in this place.
 G = Mean time per level.
                   A        B        C        D        E       F      G
               +--------+--------+--------+--------+--------+-----+--------+
         Total |   2405 |   2379 |     26 |    401 |   1636 |   2 | 1202.5 |
       Dungeon |   2405 |   2379 |     26 |    401 |   1636 |   2 | 1202.5 |
               +--------+--------+--------+--------+--------+-----+--------+

Top non-repeatable levels by time:
     D:1: 1738 daAuts
     D:2: 666 daAuts
